 Dungeon Crawl Stone Soup version 0.29.1-14-g9c671dbff4 (webtiles) character file.

Game seed: 8357950889307740459

2448 Barneous the Trooper (level 9, -10/77 (79) HPs)
             Began as a Green Draconian Monk on Feb 13, 2023.
             Was a Believer of Sif Muna.
             Mangled by Maggie
             ... wielding a +0 glaive of pain
              (14 damage)
             ... on level 7 of the Dungeon.
             The game lasted 00:21:16 (6997 turns).

Barneous the Trooper (Green Draconian Monk)         Turns: 6997, Time: 00:21:16

HP:   -10/77 (79)   AC: 11    Str: 14    XL:     9   Next: 25%
MP:   18/18         EV: 14    Int: 15    God:    Sif Muna [**....]
Gold: 262           SH:  0    Dex: 13    Spells: 7/8 levels left

rFire   . . .      SeeInvis .   f - +5 short sword (venom)
rCold   . . .      Faith    .   (no shield)
rNeg    . . .      Spirit   .   (body armour unavailable)
rPois   +          Reflect  .   b - +2 hat {Stlth+}
rElec   .          Harm     .   (no cloak)
rCorr   .          Rampage  .   e - +0 pair of gloves
Will    .....                   d - +0 pair of boots
Stlth   ++++......              h - amulet of regeneration
HPRegen 1.02/turn               q - ring of magical power
MPRegen 0.16/turn               (no ring)

@: mesmerised, lightly drained
A: breathe noxious fumes, AC +7, unfitting armour, poison resistance,
cold-blooded
a: Breathe Noxious Fumes, Renounce Religion, Channel Magic


You were on level 7 of the Dungeon.
You worshipped Sif Muna.
Sif Muna was pleased with you.
You visited 2 branches of the dungeon, and saw 8 of its levels.
You also visited: Sewer.

You collected 262 gold pieces.

Inventory:

Hand Weapons
 f - a +5 short sword of venom (weapon)
Armour
 b - a +2 hat of stealth (worn)
 d - a +0 pair of boots (worn)
 e - a +0 pair of gloves (worn)
Jewellery
 h - an amulet of regeneration (around neck)
 q - a ring of magical power (left hand)
Wands
 p - a wand of digging (6)
 s - a wand of iceblast (12)
Scrolls
 c - a scroll of amnesia
 g - 6 scrolls of teleportation
 i - 2 scrolls of fog
 l - 2 scrolls of identify
 r - a scroll of poison
Potions
 a - a potion of ambrosia
 j - 3 potions of brilliance
 k - a potion of resistance
 m - 2 potions of flight


   Skills:
 + Level 7.6 Fighting
 + Level 6.2 Dodging
 + Level 6.5 Stealth
 + Level 7.0 Unarmed Combat


You had 7 spell levels left.
You knew the following spells:

 Your Spells              Type           Power      Damage    Failure   Level
a - Shock                 Conj/Air       0%         1d3       26%         1

Your spell library contained the following spells:

 Spells                   Type           Power      Damage    Failure   Level
 Confusing Touch          Hex            0%         N/A       63%         3
 Ignite Poison            Fire/Tmut/Pois 0%         N/A       63%         3
 Mephitic Cloud           Conj/Pois/Air  0%         N/A       63%         3
 Stone Arrow              Conj/Erth      0%         3d7       63%         3
 Swiftness                Air            0%         N/A       63%         3
 Airstrike                Air            0%         2d(0-16)  95%         4
 Freezing Cloud           Conj/Ice/Air   0%         6-21      100%        5
 Yara's Violent Unravell  Hex/Tmut       0%         3d3       100%        5
 Enfeeble                 Hex            0%         N/A       100%        7
 Lehudib's Crystal Spear  Conj/Erth      0%         10d2      100%        8
 Animate Armour           Summ/Erth      Unusable   N/A       N/A         4

Dungeon Overview and Level Annotations

Branches:
Dungeon (7/15)             Temple (1/1) D:7           Sewer (visited)

Altars:
Ashenzari
Cheibriados
Gozag
Hepliaklqana
Kikubaaqudgha
Nemelex Xobeh
Okawaru
Qazlal
Ru
Sif Muna
Uskayaw
Vehumet
Wu Jian
Xom
Yredelemnul
Zin
The Shining One

Annotations:
D:7 Maggie


Innate Abilities, Weirdness & Mutations

You can breathe blasts of noxious fumes.
Your lurid green scales are hard. (AC +7)
You cannot fit into any form of body armour.
Your system is resistant to poisons. (rPois)
You are cold-blooded and may be slowed by cold attacks.


Message History

Maggie is lightly wounded.
Something hits you but does no damage.
Maggie zaps a wand.
The puff of flame misses you.
The orc priest barely misses Maggie.
You closely miss Maggie. You punch Maggie.
Maggie is lightly wounded.
Something hits you but does no damage.
Maggie zaps a wand.
The puff of flame misses you.
You barely miss Maggie.
Your tail-slap misses Maggie.
Maggie is lightly wounded.
You feel less confused. Something hits you.
Maggie casts a spell.
Maggie draws you further into her thrall.
You hit Maggie.
Maggie is moderately wounded.
The orc priest seems less confused.
Something hits you but does no damage.
The orc priest invokes the aid of Beogh against you.
Beogh smites you!
Maggie hits you with a +0 glaive of pain.
You hit Maggie but do no damage.
Maggie is moderately wounded.
Something barely misses you.
Maggie hits you with a +0 glaive of pain!
Something hits you but does no damage. Maggie casts a spell at you.
The bolt of fire hits you!!
* * * LOW HITPOINT WARNING * * *
You feel better. Something barely misses you.
Maggie hits you with a +0 glaive of pain!
* * * LOW HITPOINT WARNING * * *
You writhe in agony.
* * * LOW HITPOINT WARNING * * *
Unknown command.
You cannot move away from Maggie!
You hit Maggie but do no damage.
Your tail-slap misses Maggie.
Maggie is moderately wounded.
Something hits you but does no damage.
Maggie says, "Have you seen any dragons?"
Maggie hits you with a +0 glaive of pain!
You die...

..#.......#'########..#
_............#######..#
.............#.......@#
.+...........#........##
.#...........#.ooo.....#
.#...........# ..o....
##...........#+###...# ...
##+###+#...)###'####..#
....#...........@@o........
....#..~~§......#{.........
....#.~§§§~.....#..........
.....~~§§§~§....#..........
.....~§§>§§§....#..........
....#~~§~~§§....##+####.######
.#+##.~~§§~.....# .#....#
.'.....~~§[.....# #....#
.#.....#...#....# #....#


You could see Maggie (mesmerising, poisoned) and an orc priest.

Vanquished Creatures
  Joseph (D:7)
  Eustachio (D:6)
  2 water moccasins (D:6)
  2 centaurs
  A kobold brigand (Sewer)
  A phantom (D:5)
  A bullfrog (D:5)
  2 necrophages (D:6)
  2 scorpions
  7 wights (D:7)
  The ghost of AverageBear the Trooper, a weakling DsFi (D:3)
  4 hounds
  3 orc priests
  2 gnoll boudas
  2 iguanas
  3 orc wizards
  11 gnolls
  9 adders
  A river rat (Sewer)
  2 white imps (D:6)
  3 worms
  A dart slug (D:3)
  20 orcs
  4 endoplasms
  3 giant cockroaches
  4 goblins
  5 hobgoblins
  12 jackals
  9 quokkas
  9 ball pythons
  6 bats
  2 frilled lizards
  13 kobolds
  12 rats
161 creatures vanquished.

Vanquished Creatures (others)
  A plant (D:6)
1 creature vanquished.

Grand Total: 162 creatures vanquished

Notes
Turn   | Place    | Note
-------+----------+-------------------------------------------
     0 | D:1      | Barneous the Draconian Monk began the quest for the Orb.
     0 | D:1      | Reached XP level 1. HP: 19/19 MP: 1/1
   272 | D:1      | Found a faded altar of an unknown god.
   344 | D:1      | Reached XP level 2. HP: 26/26 MP: 2/2
  1243 | D:2      | Reached XP level 3. HP: 26/33 MP: 3/3
  1898 | D:3      | Found a snail-covered altar of Cheibriados.
  2078 | D:3      | Reached XP level 4. HP: 33/40 MP: 4/4
  2344 | D:3      | Found a hazy altar of Hepliaklqana.
  2541 | D:3      | Found a runed translucent gate.
  2542 | D:3      | Noticed AverageBear's ghost (weakling DsFi)
  2544 | D:3      | Found a runed translucent gate.
  2546 | D:3      | Found a runed translucent gate.
  2978 | D:3      | Killed AverageBear's ghost
  2979 | D:3      | Reached XP level 5. HP: 47/47 MP: 5/5
  3463 | D:5      | Entered Level 5 of the Dungeon
  3488 | D:5      | Found a hide-covered altar of Uskayaw.
  3507 | D:5      | Found a radiant altar of Vehumet.
  3583 | D:5      | Reached XP level 6. HP: 48/53 MP: 6/6
  3725 | D:5      | Found a glowing drain.
  3734 | Sewer    | Entered a sewer
  3823 | Sewer    | Reached skill level 5 in Fighting
  3848 | Sewer    | Found a glowing silver altar of Zin.
  4232 | D:5      | Your scales start taking on a lurid green colour.
  4232 | D:5      | Reached XP level 7. HP: 61/61 MP: 7/7
  4232 | D:5      | Gained mutation: Your system is resistant to poisons.
                  | (rPois) [Green Draconian growth]
  4394 | D:5      | Learned a level 1 spell: Shock
  4434 | D:5      | Reached skill level 5 in Unarmed Combat
  4982 | D:6      | Reached skill level 5 in Dodging
  4982 | D:6      | Reached XP level 8. HP: 58/70 MP: 8/8
  5069 | D:6      | Reached skill level 5 in Stealth
  5393 | D:6      | Found a broken altar of Ashenzari.
  5564 | D:6      | Noticed Eustachio
  5572 | D:6      | Killed Eustachio
  6191 | D:7      | Found a shimmering altar of Xom.
  6342 | D:7      | Found a staircase to the Ecumenical Temple.
  6344 | D:7      | Noticed Joseph
  6364 | D:7      | Killed Joseph
  6365 | D:7      | Reached XP level 9. HP: 28/79 MP: 9/9
  6372 | Temple   | Entered the Ecumenical Temple
  6525 | Temple   | Became a worshipper of Sif Muna the Loreminder
  6525 | Temple   | Reached * piety under Sif Muna
  6525 | Temple   | Reached ** piety under Sif Muna
  6844 | D:7      | Found a sparkling altar of Nemelex Xobeh.
  6921 | D:7      | Found an ornate altar of the Wu Jian Council.
  6964 | D:7      | Noticed Maggie
  6996 | D:7      | HP: 3/77 [Maggie/+0 glaive of pain (2)]
  6997 | D:7      | Mangled by Maggie

Illustrated notes

Levels and vault maps discovered:
D:1:      evilmike_arrival_rings, layout_basic,
          hellmonk_ecumenical_altar_zigzags
D:2:      layout_rooms
D:3:      layout_basic, amcnicky_altar_gilded, nzn_hepliaklqana_mist_gate,
          biasface_ghost_orc_armoury
D:4:      layout_rooms
D:5:      layout_loops_corners, nicolae_vehumet_radiance,
          nicolae_uskayaw_dance_hall, gup_sewer_entry_bubbles
D:6:      layout_loops_corners, lemuel_round_altar, serial_bayou_crossing,
          uniq_eustachio
D:7:      layout_gridville, lemuel_tele_altar, nicolae_overflow_crystal_walls,
          mainiacjoe_overflow_alcove_2, mainiacjoe_overflow_boulevard,
          xom_butterflies, minmay_temple_entry_mist, uniq_joseph, uniq_duvessa,
          uniq_maggie
Temple:   kb_temple_of_zot

Skill      XL: |  1  2  3  4  5  6  7  8  9 |
---------------+----------------------------+-----
Stealth        | 2 3 4 6 |  6.5
Dodging        | 3 4 5 6 |  6.2
Fighting       | 4 5 6 7 |  7.6
Unarmed Combat | 4 5 6 7 |  7.0

Action                   |  1- 3 |  4- 6 |  7- 9 || total
-------------------------+-------+-------+-------++-------
Melee: Unarmed           |    89 |       |       ||    89
       Tailslap          |     7 |    21 |    45 ||    73
       Punch             |     1 |     4 |    11 ||    16
       Short sword       |    44 |   178 |   241 ||   463
 Cast: Shock             |       |       |     4 ||     4
 Abil: Breathe Noxious F |       |       |     2 ||     2
  Use: Scroll            |     6 |     3 |     5 ||    14
       Potion            |     3 |     3 |     5 ||    11
 Stab: Sleeping          |     2 |    12 |    11 ||    25
       Confused          |       |       |     2 ||     2
       Distracted        |       |       |     1 ||     1
Armor: Skin              |    53 |    61 |    75 ||   189
Dodge: Dodged            |   113 |   135 |   169 ||   417
